 Dungeon Crawl Stone Soup version 0.28-a0-1117-g0bdd5ba030 (webtiles) character file.

Game seed: 7666779367805173707

96 ducksouse the Skirmisher (level 4, -1/41 HPs)
             Began as a Minotaur Fighter on Dec 11, 2021.
             Killed by divine providence
             ... invoked by an orc priest
              (16 damage)
             ... on level 3 of the Dungeon.
             The game lasted 00:05:23 (1868 turns).

ducksouse the Skirmisher (Minotaur Fighter)         Turns: 1868, Time: 00:05:24

Health: -1/41      AC:  9    Str: 22    XL:     4   Next: 41%
Magic:  3/3        EV:  8    Int:  5    God:
Gold:   113        SH:  4    Dex: 10    Spells: 3/3 levels left

rFire   . . .      SeeInvis .   g - +2 whip (flame)
rCold   . . .      Faith    .   c - +0 buckler
rNeg    . . .      Spirit   .   q - +0 chain mail
rPois   .          Reflect  .   (helmet restricted)
rElec   .          Harm     .   (no cloak)
rCorr   .          Rampage  .   (no gloves)
Will    .....                   (no boots)
Stlth   ..........              (no amulet)
HPRegen 0.13/turn               (no ring)
MPRegen 0.08/turn               (no ring)

@: no status effects
A: horns 2, retaliatory headbutt
a: no special abilities


You were on level 3 of the Dungeon.
You visited 1 branch of the dungeon, and saw 3 of its levels.

You collected 113 gold pieces.

Inventory:

Hand Weapons
 a - a +0 war axe
 e - a +0 hunting sling of freezing
 g - a +2 whip of flaming (weapon)
 l - a +0 whip of freezing
 o - a +1 dagger of draining
Missiles
 p - 30 stones (quivered)
Armour
 b - a +0 scale mail
 c - a +0 buckler (worn)
 q - a +0 chain mail (worn)
Jewellery
 v - an amulet of the acrobat
Wands
 x - a wand of flame (17)
Scrolls
 h - a scroll of teleportation {unknown}
 j - a scroll of enchant weapon {unknown}
 n - a scroll of enchant armour {unknown}
 s - 3 scrolls of identify {unknown}
 t - a scroll of immolation {unknown}
 u - a scroll of blinking {unknown}
 w - a scroll of vulnerability {unknown}
Potions
 d - a potion of might
 f - a potion of curing {unknown}
 i - a potion of mutation {unknown}
 k - a potion of attraction {unknown}
 m - a potion of brilliance {unknown}
 r - 2 potions of berserk rage {unknown}


   Skills:
 + Level 4.8 Fighting
 + Level 2.8(3.0) Axes
 + Level 1.3(2.3) Maces & Flails
 + Level 4.3 Armour
 + Level 0.1 Dodging
 + Level 4.2 Shields


You had 3 spell levels left.
You didn't know any spells.
Your spell library contained the following spells:

 Spells                   Type           Power      Damage    Failure   Level
 Magic Dart               Conj           0%         1d3       99%         1
 Searing Ray              Conj           0%         2d4       100%        2
 Fulminant Prism          Conj/Hex       0%         3d6       100%        4


Dungeon Overview and Level Annotations

Branches:
Dungeon (3/15)

Altars:

Annotations:
D:3 1 transporter


Innate Abilities, Weirdness & Mutations

You have a pair of horns on your head.
You reflexively headbutt those who attack you in melee.


Message History

The endoplasm is almost dead.
The endoplasm hits you but does no damage.
You barely miss the endoplasm. You headbutt the endoplasm.
You kill the endoplasm!
The dart slug launches a dart at you. You block the slug dart.
You see here 17 gold pieces.
The dart slug launches a dart at you. The slug dart misses you.
The dart slug barely misses you.
You hit the dart slug. You burn the dart slug. You headbutt the dart slug.
You kill the dart slug!
You now have 113 gold pieces (gained 17).
Found 23 gold pieces.
Found a transporter.
Found 4 gold pieces.
Found a stone staircase leading down.
Found 2 emerald potions.
The orc priest shouts!
The shadow imp shouts! x2; You hear a shout! x2
Found a stone staircase leading down.
Found a copper wand.
Found a transporter.
The shadow imp lashes its tail.
The orc priest shouts!
There is a transporter here.
There is a transporter here.
You enter the transporter and appear at another place.
x - a wand of flame (17)
You open the door.
There is an open door here.
The orc priest invokes the aid of Beogh against you.
Beogh smites you! The shadow imp gestures at you.
You barely resist.
There is an open door here.
The orc priest calls down the wrath of Beogh upon you.
Beogh smites you!
The orc priest mumbles some strange prayers to Beogh against you.
Beogh smites you!
You die...

............#8P$©$P8#
.........#..#≈..$..≈#...
........#..####+####...
>.......#.≈..!≈.#.#.
.....#..#.≈...≈.#...
#..#.#..#.≈≈≈≈≈.#...
..##.#..#.≈P♣≈≈.#...
>.......#.≈≈≈≈≈o#..#.
........#5≈.@.≈5#....
..##.#..#o≈...≈o#....
#..#..#.####'####...
#..###.#P.....P#.##
###.....#8P.©.P8#.#
........#########.#
####..#.....©.....#
##.####........# #.
#.....####


You could see 3 orc priests and 2 shadow imps.

Vanquished Creatures
  Jessica (D:2)
  Terence (D:2)
  2 worms (D:2)
  2 dart slugs
  6 endoplasms
  A giant cockroach (D:1)
  2 goblins (D:1)
  4 hobgoblins
  2 quokkas
  4 ball pythons
  A bat (D:2)
  A frilled lizard (D:1)
  4 kobolds (D:1)
  6 rats
37 creatures vanquished.

Notes
Turn   | Place    | Note
-------+----------+-------------------------------------------
     0 | D:1      | ducksouse the Minotaur Fighter began the quest for the Orb.
     0 | D:1      | Reached XP level 1. HP: 19/19 MP: 0/0
   227 | D:1      | Reached XP level 2. HP: 26/27 MP: 1/1
   443 | D:1      | Found a faded altar of an unknown god.
  1043 | D:2      | Reached XP level 3. HP: 29/32 MP: 2/2
  1417 | D:2      | Noticed Jessica
  1433 | D:2      | Killed Jessica
  1434 | D:2      | Reached skill level 1 in Maces & Flails
  1522 | D:2      | Noticed Terence
  1536 | D:2      | Killed Terence
  1537 | D:2      | Reached XP level 4. HP: 24/41 MP: 3/3
  1820 | D:3      | Found a transporter.
  1839 | D:3      | Found a transporter.
  1868 | D:3      | Killed from afar by an orc priest

Illustrated notes

Levels and vault maps discovered:
D:1:      dpeg_arrival_windows_large_door, layout_rooms,
          shapermc_ecumenical_altar_pompeii, minmay_misc_feat_enclosed,
          chequers_serial_rivers_micro_e, nrook_loot_triangle
D:2:      layout_loops_cross, hangedman_abyss_or_decor_lesser_grid,
          kennysheep_jessica_study, uniq_terence
D:3:      gammafunk_wand_slinger, layout_rooms

Skill      XL: |  1  2  3 |
---------------+----------+-----
Shields        | 4 |  4.2
Fighting       | 4 |  4.8
Armour         | 4 |  4.3
Maces & Flails | 1 |  1.3
Axes           | |  2.8
Dodging        | |  0.1

Action                   |  1- 3 |  4- 6 || total
-------------------------+-------+-------++-------
Melee: War axe           |    10 |       ||    10
       Whip              |    54 |     8 ||    62
       Headbutt          |     3 |     5 ||     8
Armor: Scale mail        |     5 |       ||     5
       Chain mail        |    15 |     5 ||    20
Dodge: Dodged            |    28 |     2 ||    30
Block: Buckler           |    11 |     2 ||    13

Table legend: (Time is in decaauts)
 A = Elapsed time spent in this place.
 B = Non-inter-level travel time spent in this place.
 C = Inter-level travel time spent in this place.
 D = Time resting spent in this place.
 E = Time spent auto-exploring this place.
 F = Levels seen in this place.
 G = Mean time per level.
                   A        B        C        D        E       F      G
               +--------+--------+--------+--------+--------+-----+--------+
         Total |   1870 |   1870 |      0 |    126 |   1013 |   3 |  623.3 |
       Dungeon |   1870 |   1870 |      0 |    126 |   1013 |   3 |  623.3 |
               +--------+--------+--------+--------+--------+-----+--------+

Top non-repeatable levels by time:
     D:2: 1094 daAuts
     D:1: 701 daAuts
     D:3: 74 daAuts
